 Dungeon Crawl Stone Soup version 0.20.0-6-gd3061e9 (webtiles) character file.

6931 MTVSty1e the Fighter (level 10, -3/93 HPs)
             Began as a Black Draconian Transmuter on May 28, 2017.
             Was a Believer of Sif Muna.
             Incinerated by skittles's ghost (6 damage)
             ... with a sticky flame
             ... on level 9 of the Dungeon.
             The game lasted 00:32:55 (13121 turns).

MTVSty1e the Fighter (Black Draconian Transmuter)  Turns: 13121, Time: 00:32:56

Health: -3/93      AC: 10    Str: 13    XL:     10   Next: 80%
Magic:  15/18      EV: 15    Int: 15    God:    Sif Muna [**....]
Gold:   113        SH:  0    Dex: 13    Spells: 12/20 levels left

rFire    . . .     SeeInvis .     - Unarmed
rCold    . . .     Gourm    .   (shield currently unavailable)
rNeg     . . .     Faith    .   (armour unavailable)
rPois    .         Spirit   .   y - +1 hat
rElec    +         Reflect  .   t - +0 cloak
rCorr    +         Harm     .   (gloves currently unavailable)
MR       .....                  x - +0 pair of boots
Stlth    +.........             (no amulet)
Regen    0.3/turn               n - ring of flight
MPRegen  0.2/turn               o - ring of resist corrosion

@: liquid flames, blade hands, glowing
A: breathe lightning, unfitting armour, mutation resistance 1, electricity
resistance, cold-blooded, subdued magic 1, AC +7
a: Breathe Lightning, End Transformation, Divine Energy, Renounce Religion,
Evoke Flight


You were on level 9 of the Dungeon.
You worshipped Sif Muna.
Sif Muna was pleased with you.
You were hungry.
You had blades for hands.
You visited 1 branch of the dungeon, and saw 9 of its levels.

You collected 420 gold pieces.
You spent 307 gold pieces at shops.

Inventory:

Hand Weapons
 d - a +0 short sword
 f - a +2 dagger of draining
 w - a +3 dagger of speed (melded)
Missiles
 i - 82 arrows
Armour
 h - a +2 pair of gloves (melded)
 t - a +0 cloak (worn)
 x - a +0 pair of boots (worn)
 y - a +1 hat (worn)
Jewellery
 n - a ring of flight (left scythe-like blade)
 o - a ring of resist corrosion (right scythe-like blade)
Wands
 m - a wand of disintegration (20/24)
 B - a wand of lightning (6/15)
Scrolls
 e - a scroll of magic mapping {unknown}
 g - 2 scrolls of blinking
 l - 3 scrolls of amnesia
 p - a scroll of enchant armour
 r - a scroll of enchant weapon
 u - a scroll of remove curse
 A - a scroll of identify
Potions
 a - 2 potions of agility {unknown}
 c - a potion of brilliance {unknown}
 q - a potion of curing
 s - 2 potions of mutation
 v - 2 potions of flight
 z - a potion of haste {unknown}
Books
 b - a book of Changes

   Spells                             Type                      Level
   a - Beastly Appendage              Transmutation                1
   b - Sticks to Snakes               Transmutation                2
   c - Spider Form                    Transmutation/Poison         3
   d - Ice Form                       Ice/Transmutation            4
   e - Blade Hands                    Transmutation                5
Comestibles
 j - 7 royal jellies
 k - a bread ration


   Skills:
 * Level 10.0 Fighting
 + Level 7.4 Short Blades
 + Level 5.7 Dodging
 - Level 3.1 Unarmed Combat
 + Level 5.8 Spellcasting
 * Level 8.4 Transmutations


You had 12 spell levels left.
You knew the following spells:

 Your Spells              Type           Power        Failure   Level  Hunger
a - Beastly Appendage     Tmut           ###...       10%         1    None
b - Sticks to Snakes      Tmut           ###.....     11%         2    #......
c - Blade Hands           Tmut           ###.......   47%         5    ######.


Dungeon Overview and Level Annotations

Branches:
Dungeon (9/15)             Temple (0/1) D:4
   Lair: D:8-11         Orc: D:9-12

Altars:
Dithmenos
Kikubaaqudgha
Nemelex Xobeh
Ru
Sif Muna
Uskayaw
Vehumet
Xom
Zin

Shops:
D:6 [   D:8 *


Innate Abilities, Weirdness & Mutations

You can breathe wild blasts of lightning.
Your glossy black scales are hard. (AC +7)
You cannot fit into any form of body armour.
You are resistant to electric shocks. (rElec)
You are cold-blooded and may be slowed by cold attacks.
You are somewhat resistant to further mutation.
Your spells are a little easier to cast, but a little less powerful.


Message History

You slash skittles's ghost!
You destroy skittles's ghost!
Sif Muna accepts your kill.
Your Fighting skill increases to level 10!
You are covered in liquid flames!
You are on fire!
You are on fire!
You are covered in liquid flames!
You are covered in liquid flames!
* * * LOW HITPOINT WARNING * * *
You are covered in liquid flames!
* * * LOW HITPOINT WARNING * * *
You are covered in liquid flames!
* * * LOW HITPOINT WARNING * * *
You are covered in liquid flames!
* * * LOW HITPOINT WARNING * * *
It was a potion of mutation.
You feel extremely strange.
Your connection to magic feels subdued.
You feel genetically stable.
You are covered in liquid flames!
You die...

##. #.#.. .. #.#.# #...
#$#.# #..# #####.#.## #..#
......... ..#
........#####.#
#....@.#.######### ### ####
#..###............ #... ..#
#..# ###.......... #.#.###.#
#..# ##.........
........###..######.########
..................†.#
#..#.......########
#.#..<###..# #....).....#


There were no monsters in sight!

Vanquished Creatures
  2 two-headed ogres (D:8)
  The ghost of mike2R the Summoner, a novice MfSu of Ru (D:8)
  The ghost of skittles the Arsonist, a novice DrFE (D:9)
  A queen bee (D:8)
  A hippogriff (D:7)
  Grum (D:8)
  Edmund (D:6)
  A black bear (D:7)
  4 ice beasts
  4 ogres
  A phantom (D:5)
  4 wolves (D:8)
  A crocodile (D:8)
  3 centaurs
  6 bullfrogs
  2 scorpions
  12 killer bees (D:8)
  An electric eel (D:6)
  2 howler monkeys (D:8)
  A crimson imp (D:5)
  2 bullfrog zombies
  A quasit (D:5)
  5 hounds
  2 jellies
  5 orc wizards
  A bullfrog skeleton (D:8)
  An orc priest (D:7)
  3 centaur skeletons
  An iguana (D:8)
  6 worker ants
  Ijyb (D:3)
  A killer bee zombie (D:6)
  8 adders
  7 gnolls
  2 shadow imps (D:5)
  An adder skeleton (D:3)
  A dart slug (D:3)
  5 leopard geckos
  12 orcs
  7 bats
  5 giant cockroaches
  4 goblins
  10 hobgoblins
  7 kobolds
  3 quokkas
  3 frilled lizards
  A giant cockroach zombie (D:5)
  A quokka skeleton (D:6)
  7 rats
163 creatures vanquished.

Vanquished Creatures (collateral kills)
  Psyche (D:8)
  2 killer bees (D:8)
  2 orcs (D:8)
5 creatures vanquished.

Grand Total: 168 creatures vanquished

Notes
Turn   | Place    | Note
-------+----------+-------------------------------------------
     0 | D:1      | MTVSty1e the Draconian Transmuter began the quest for the Orb.
     0 | D:1      | Reached XP level 1. HP: 16/16 MP: 3/3
   290 | D:1      | Reached skill level 1 in Short Blades
   302 | D:1      | Reached XP level 2. HP: 18/23 MP: 5/5
   572 | D:1      | Learned a level 2 spell: Sticks to Snakes
   827 | D:1      | Reached skill level 2 in Fighting
  1038 | D:2      | Reached XP level 3. HP: 30/30 MP: 6/6
  1796 | D:3      | Reached skill level 3 in Fighting
  1888 | D:3      | Reached XP level 4. HP: 38/38 MP: 7/7
  2209 | D:3      | Noticed Ijyb
  2222 | D:3      | Killed Ijyb
  2265 | D:3      | Found a deep blue altar of Sif Muna.
  2495 | D:3      | Became a worshipper of Sif Muna the Loreminder
  2604 | D:4      | Reached skill level 4 in Fighting
  2604 | D:4      | Reached XP level 5. HP: 46/46 MP: 8/8
  2649 | D:4      | Found a staircase to the Ecumenical Temple.
  3034 | D:4      | Learned a level 5 spell: Blade Hands
  3739 | D:5      | Entered Level 5 of the Dungeon
  3837 | D:5      | Reached XP level 6. HP: 7/53 MP: 5/9
  4296 | D:5      | Found an ancient bone altar of Kikubaaqudgha.
  5815 | D:5      | Reached skill level 5 in Fighting
  5815 | D:5      | Your scales start taking on a glossy black colour.
  5815 | D:5      | Reached XP level 7. HP: 52/61 MP: 10/10
  5815 | D:5      | Gained mutation: You are resistant to electric shocks. (rElec) [Black Draconian growth]
  5968 | D:6      | Found a shadowy altar of Dithmenos.
  6253 | D:6      | Reached skill level 5 in Short Blades
  6981 | D:6      | Found Nifiptid's Antique Armour Shop.
  6990 | D:6      | Bought a pair of boots for 103 gold pieces
  6990 | D:6      | Bought a hat for 92 gold pieces
  7483 | D:6      | Reached XP level 8. HP: 58/70 MP: 12/12
  7597 | D:6      | Noticed Edmund
  7684 | D:6      | Killed Edmund
  7684 | D:6      | Reached skill level 6 in Fighting
  8052 | D:6      | Found a shimmering altar of Xom.
  8366 | D:7      | Reached * piety under Sif Muna
  8514 | D:7      | Noticed a hippogriff
  8651 | D:7      | Killed a hippogriff
  8651 | D:7      | Reached skill level 5 in Transmutations
  8859 | D:7      | Found a radiant altar of Vehumet.
  8897 | D:7      | Reached skill level 7 in Fighting
  9177 | D:8      | Found Jecu's Island Escapes.
  9194 | D:8      | Bought a scroll of blinking for 112 gold pieces
  9305 | D:8      | Reached XP level 9. HP: 75/79 MP: 12/14
  9388 | D:8      | Noticed mike2R's ghost (novice MfSu)
  9401 | D:8      | Killed mike2R's ghost
  9451 | D:8      | Noticed a two-headed ogre
  9685 | D:8      | Reached skill level 8 in Fighting
  9799 | D:8      | Found a sacrificial altar of Ru.
  9799 | D:8      | Noticed Psyche
  9821 | D:8      | Found a glowing silver altar of Zin.
  9846 | D:8      | Killed Psyche
 10156 | D:8      | Reached ** piety under Sif Muna
 10237 | D:8      | Killed a two-headed ogre
 10237 | D:8      | Reached skill level 5 in Dodging
 10310 | D:8      | Reached XP level 10. HP: 36/90 MP: 13/17
 11441 | D:8      | Reached skill level 5 in Spellcasting
 11461 | D:8      | Reached skill level 9 in Fighting
 12176 | D:8      | Noticed a two-headed ogre
 12189 | D:8      | Killed a two-headed ogre
 12398 | D:8      | Noticed Grum
 12415 | D:8      | Killed Grum
 12742 | D:8      | Found a hide-covered altar of Uskayaw.
 12764 | D:8      | Found a sparkling altar of Nemelex Xobeh.
 13103 | D:9      | Noticed skittles's ghost (novice DrFE)
 13115 | D:9      | Killed skittles's ghost
 13115 | D:9      | Reached skill level 10 in Fighting
 13120 | D:9      | HP: 3/93 [burnt (7)]
 13121 | D:9      | Gained mutation: Your spells are a little easier to cast, but a little less powerful. [potion of mutation]
 13121 | D:9      | Gained mutation: You are somewhat resistant to further mutation. [potion of mutation]
 13121 | D:9      | Incinerated by skittles's ghost

Skill      XL: |  1  2  3  4  5  6  7  8  9 10 |
---------------+-------------------------------+-----
Short Blades   | 1 2 3 4 5 6 7 |  7.4
Fighting       | 2 3 4 5 7 8 10 | 10.0
Dodging        | 2 3 4 5 |  5.7
Transmutations | 3 5 7 8 |  8.4
Spellcasting   | 3 4 5 |  5.8
Unarmed Combat | |  3.1

Action                   |  1- 3 |  4- 6 |  7- 9 | 10-12 || total
-------------------------+-------+-------+-------+-------++-------
Melee: Short sword       |    31 |       |       |       ||    31
       Tailslap          |    12 |    32 |    43 |    29 ||   116
       Dagger            |    69 |   355 |   451 |   198 ||  1073
       Punch             |     2 |     1 |     6 |     3 ||    12
       Headbutt          |     1 |     4 |    64 |     6 ||    75
       Kick              |       |    21 |    10 |       ||    31
       Unarmed           |       |       |    10 |    57 ||    67
 Cast: Beastly Appendage |     1 |    14 |    27 |     7 ||    49
       Sticks to Snakes  |       |     4 |    15 |    16 ||    35
       Blade Hands       |       |       |     1 |     7 ||     8
Invok: Divine Energy     |       |       |       |     1 ||     1
       Stop Divine Energ |       |       |       |     1 ||     1
 Abil: Evoke Flight      |       |       |     3 |       ||     3
       Stop Flying       |       |       |     1 |       ||     1
       Breathe Lightning |       |       |     1 |     2 ||     3
  Use: Scroll            |       |     4 |     4 |     7 ||    15
       Potion            |       |       |     1 |     4 ||     5
 Stab: Sleeping          |       |       |     1 |       ||     1
       Distracted        |       |       |       |     1 ||     1
  Eat: Bread ration      |     1 |     2 |     3 |       ||     6
       Royal jelly       |       |     2 |       |       ||     2
       Meat ration       |       |       |     1 |     2 ||     3
Armor: Skin              |    21 |   139 |    93 |    64 ||   317
Dodge: Dodged            |    58 |   209 |   169 |   157 ||   593
